Match 47247559
Unlisted

Match 47247559
End
Construct Infanterie Kompanie
Selects Terror Battlegroup
Selects Machine Gun Camouflage
MG 42 Machine Gun Team
Grenadier Squad
Grenadier Squad
GrW 34 Mortar Team
Construct Panzergrenadier Kompanie
Medical Station
251 Medium Carrier
Selects Contempt for the Weak
Pak 40 Anti-tank Gun Team
Repair Bunker
Medical Bunker
Panzergrenadier Squad
Selects Jericho Trumpet
Panzergrenadier Officer Quarters
Jericho Trumpet
Construct Panzer Kompanie
Stoßtruppen Squad
Selects V1 Rocket Strike
Panzer IV Medium Tank
Support Elements
V1 Rocket Strike
Jericho Trumpet
Selects No Quarter
Selects No Quarter
Repair Bunker
StuG III G Assault Gun
Nebelwerfer 42 Rocket Launcher Team
StuG III G Assault Gun
Jericho Trumpet
Pak 40 Anti-tank Gun Team
MG 42 Bunker
Stoßtruppen Squad
251 Medium Carrier
Nebelwerfer 42 Rocket Launcher Team
Panzer Officer Quarters
Jericho Trumpet
Selects King Tiger Heavy Tank
King Tiger Heavy Tank
Pioneer Squad
Grenadier Squad
Jericho Trumpet
Rony
GovernorMilitantPaulus
Orsted
pagep
twylly
7k this year for sure
0
0

Comments sign in to comment!

No comments posted yet!